[Event "*** Titled Tuesday Blitz"]
[Site "Chess.com"]
[Date "2021.02.16"]
[Round "3"]
[White "BikingBrian"]
[Black "Klavdia_Nik"]
[Result "1-0"]
[WhiteElo "2324"]
[BlackElo "2046"]
[TimeControl "180+1"]
[EndTime "10:29:56 PST"]
[Termination "BikingBrian won on time"]

1. d4 Nf6 2. Bg5 e6 3. Nd2 d5 4. e3 c5 5. c3 Nc6 6. Bd3 Be7 7.
f4 a6 8. Ngf3 Nd7 9. O-O f5 10.
Ne5 O-O 11. Bxe7 Qxe7 12. Qh5 Nf6 13. Qh4 Ne4 14. Qxe7 Nxe7 15. Nxe4 fxe4 16. Bc2 Nf5 17. Rae1 c4 18. g4 Nh4 19. Kf2 Nf3 20. Nxf3 exf3 21. Kxf3 Bd7 22. e4 g6 23. exd5 exd5 24. Re5 Bc6 25.
Rfe1 Rf7 26. Kg3 Raf8 27. f5 gxf5 28. Bxf5 Kg7 29. h4 h6 30. R1e3 a5 31. Re7 a4 32. a3 Rxe7 33. Rxe7+ Rf7 34. Rxf7+ Kxf7 35. Kf4 Kf6 36. g5+ hxg5+ 37. hxg5+ Kg7 38. Ke5 Kf7 39.
Be6+ Kg6 40. Bxd5 1-0

[Event "*** Titled Tuesday Blitz"]
[Site "Chess.com"]
[Date "2021.02.16"]
[Round "3"]
[White "Sibelephant"]
[Black "Faqade"]
[Result "1-0"]
[WhiteElo "3026"]
[BlackElo "2684"]
[TimeControl "180+1"]
[EndTime "10:29:57 PST"]
[Termination "Sibelephant won on time"]

1. Nf3 Nf6 2. g3 g6 3. b3 Bg7 4. Bb2 O-O 5. Bg2 d6 6. d4 a5 7.
O-O a4 8. b4 e5 9. dxe5 Ng4 10. Qc1 Nxe5 11. Nxe5 dxe5 12. Rd1 Qe7 13. Nc3 c6 14. Ba3 Re8 15. b5 Qe6 16. bxc6 bxc6 17.
Ne4 Ba6 18. Qe3 h6 19. h4 Kh8 20. Rd6 Qc4 21. Nf6 Bxf6 22. Qxh6+ Kg8 23. Rxf6 Qc3 24. Qc1 Bxe2 25. Bb2 Qc5 26. Qd2 a3 27. Bc3 Bh5 28. Be4 1-0

[Event "*** Titled Tuesday Blitz"]
[Site "Chess.com"]
[Date "2021.02.16"]
[Round "3"]
[White "Sjakkerntobi"]
[Black "fyall777"]
[Result "1-0"]
[WhiteElo "2327"]
[BlackElo "2507"]
[TimeControl "180+1"]
[EndTime "10:29:57 PST"]
[Termination "Sjakkerntobi won on time"]

1. e4 e5 2. Nf3 Nf6 3. Nxe5 d6 4.
Nf3 Nxe4 5. c4 Be7 6. Nc3 Nf6 7. d4 O-O 8. Bd3 Bg4 9. O-O Nc6 10. h3 Bxf3 11. Qxf3 Nd7 12. Nd5 Nxd4 13. Qe4 f5 14. Nxe7+ Kh8 15. Ng6+ hxg6 16. Qxd4 Ne5 17. Be2 Qf6 18. Qd1 f4 19. Bf3 Nxc4 20. Rb1 c6 21. b3 Ne5 22. Bb2 Rae8 23. Bxe5 dxe5 24. Re1 Rd8 25.
Qe2 Rfe8 26. Rbd1 Rxd1 27. Rxd1 b6 28. Be4 c5 29. Qg4 Rd8 30. Rxd8+ Qxd8 31. Qxg6 Kg8 32. Qe6+ Kf8 33. Bd5 1-0

[Event "*** Titled Tuesday Blitz"]
[Site "Chess.com"]
[Date "2021.02.16"]
[Round "3"]
[White "Maghalashvili"]
[Black "Sokoloco"]
[Result "1-0"]
[WhiteElo "2716"]
[BlackElo "2469"]
[TimeControl "180+1"]
[EndTime "10:29:58 PST"]
[Termination "Maghalashvili won by resignation"]

1. Nf3 g6 2. c4 Bg7 3. d4 d6 4. g3 Nf6 5. Bg2 O-O 6. O-O c6 7. Nc3 Bf5 8. Nh4 Bd7 9. e4 e5 10. dxe5 dxe5 11. Qd6 Be6 12. c5 Qxd6 13. cxd6 Rd8 14.
Rd1 Ne8 15. f4 Rxd6 16. Be3 Na6 17. f5 gxf5 18. exf5 Bd5 19. Nxd5 cxd5 20. Rxd5 Rad8 21.
Rxd6 Nxd6 22. Rd1 Bf6 23. Bxa7 Nb5 24. Rxd8+ Bxd8 25. Be3 b6 26. Bf1 Nbc7 27. Bxb6 Bxh4 28. gxh4 Kg7 29. b4 Nxb4 30. Bxc7 Nxa2 31. Bxe5+ Kh6 32. Bf4+ Kh5 33. Bd2 Kxh4 34. Bc4 1-0

[Event "*** Titled Tuesday Blitz"]
[Site "Chess.com"]
[Date "2021.02.16"]
[Round "3"]
[White "AttractiveMustard"]
[Black "TST2014"]
[Result "0-1"]
[WhiteElo "2380"]
[BlackElo "2582"]
[TimeControl "180+1"]
[EndTime "10:29:59 PST"]
[Termination "TST2014 won on time"]

1. d4 Nf6 2. c4 c5 3. d5 b5 4. cxb5 a6 5. bxa6 Bxa6 6. Nc3 g6 7. e4 Bxf1 8. Kxf1 d6 9. g3 Bg7 10. Kg2 O-O 11. Nf3 Nbd7 12. h3 Qb6 13. a4 Rfb8 14. Qe2 Ne8 15. Nd2 Qa6 16. Qxa6 Rxa6 17. Ra3 Rb4 18. a5 Nc7 19. Re1 Ne5 20. Re3 c4 21. Na2 Rb8 22. Rec3 Nb5 23. Nxc4 Nxc3 24. Rxc3 Nxc4 25.
Rxc4 Rxa5 26. Nb4 Ra4 27. Bd2 Bxb2 28. Kf3 Ba3 29. Nc6 Rb3+ 30. Rc3 Rxc3+ 31. Bxc3 Rc4 32.
Nxe7+ Kf8 33. Bf6 Bb2 34. Nc6 Bxf6 0-1

[Event "*** Titled Tuesday Blitz"]
[Site "Chess.com"]
[Date "2021.02.16"]
[Round "3"]
[White "ErikBlomqvist"]
[Black "bakki78"]
[Result "1/2-1/2"]
[WhiteElo "2525"]
[BlackElo "2720"]
[TimeControl "180+1"]
[EndTime "10:30:00 PST"]
[Termination "Game drawn by repetition"]

1. e4 c5 2. Nf3 Nc6 3. Bb5 Nf6 4.
Nc3 Qc7 5. O-O Nd4 6. Re1 e5 7. Bc4 Be7 8. d3 O-O 9. a3 d6 10. h3 Be6 11. Bg5 Kh8 12. Bxf6 Bxf6 13. Nd5 Qd8 14.
c3 Nxf3+ 15. Qxf3 Bg5 16. Ne3 Rb8 17. Bxe6 fxe6 18. Qe2 Bxe3 19. Qxe3 Qe7 20. d4 cxd4 21. cxd4 exd4 22. Qxd4 b6 23. Rad1 Rbd8 24. Rd3 h6 25.
Red1 d5 26. Qe3 dxe4 27. Rxd8 Rxd8 28. Rxd8+ Qxd8 29. Qxe4 Qd1+ 30. Kh2 Qd6+ 31. g3 Qd2 32. Kg2 Qxb2 33. Qa8+ Kh7 34. Qxa7 Qd4 35. Qf7 Qd5+ 36.
Kg1 b5 37. h4 Qb3 38. h5 Qxa3 39. Qg6+ Kh8 40. Qe8+ Kh7 41. Qg6+ Kh8 42. Qe8+ Kh7 43. Qg6+ 1/2-1/2

[Event "*** Titled Tuesday Blitz"]
[Site "Chess.com"]
[Date "2021.02.16"]
[Round "3"]
[White "WeAintSurePal"]
[Black "Murad_Ibrahimli"]
[Result "0-1"]
[WhiteElo "2449"]
[BlackElo "2843"]
[TimeControl "180+1"]
[EndTime "10:30:00 PST"]
[Termination "Murad_Ibrahimli won by checkmate"]

1. d4 g6 2. c4 Bg7 3. e4 d6 4. Be3 Nf6 5. Nc3 O-O 6. Be2 c5 7. Nf3 Bg4 8. d5 Bxf3 9. gxf3 Nbd7 10. Qd2 a6 11. a4 Qa5 12. O-O Qb4 13. a5 Ne8 14.
Bh6 Bxh6 15. Qxh6 b6 16. Qe3 bxa5 17. Ra4 Qb6 18. Rfa1 Nef6 19. Rxa5 Rfe8 20. f4 e6 21. Bf3 e5 22. f5 gxf5 23. Qg5+ Kh8 24. Qxf5 Qxb2 25.
Nb5 Rg8+ 26. Kh1 Qxf2 27. Nxd6 Rg7 28. Qh3 Rag8 29. Qf1 Rg1+ 30. Qxg1 Qxf3+ 31. Qg2 Qxg2# 0-1

[Event "*** Titled Tuesday Blitz"]
[Site "Chess.com"]
[Date "2021.02.16"]
[Round "3"]
[White "elcandado"]
[Black "FairChess_on_YouTube"]
[Result "0-1"]
[WhiteElo "2662"]
[BlackElo "2940"]
[TimeControl "180+1"]
[EndTime "10:30:01 PST"]
[Termination "FairChess_on_YouTube won by resignation"]

1. d4 Nf6 2. Bf4 c5 3. c3 Qb6 4.
Nd2 d5 5. Qb3 Nc6 6. e3 Bf5 7.
dxc5 Qxc5 8. Qxb7 Rc8 9. Bb5 Bd7 10. Nb3 Qb6 11. Qxb6 axb6 12. Nf3 e6 13. Nbd4 Na5 14. Ba6 Ra8 15. Be2 Ne4 16. Rd1 Nc4 17. Bxc4 dxc4 18. a3 f6 19. Bg3 e5 20. Ne2 Ba4 21. Ra1 Rd8 22. h4 h5 23. Bh2 Nc5 24. Ng3 g6 25. Ke2 Be7 26. Rhb1 Bc2 27. Rc1 Bd3+ 28. Ke1 Nb3 29. Nf1 Kf7 30. N1d2 Nxa1 31. Rxa1 b5 32. Ng1 Ra8 33. Ne2 b4 34. cxb4 Bxb4 35. Nc1 Rhd8 0-1

[Event "*** Titled Tuesday Blitz"]
[Site "Chess.com"]
[Date "2021.02.16"]
[Round "3"]
[White "Zkid"]
[Black "KNCP_719"]
[Result "1-0"]
[WhiteElo "2800"]
[BlackElo "2601"]
[TimeControl "180+1"]
[EndTime "10:30:01 PST"]
[Termination "Zkid won by resignation"]

1. e4 Nf6 2. e5 Nd5 3. d4 d6 4. Nf3 g6 5. Bc4 Nb6 6. Bb3 Bg7 7. Qe2 O-O 8. h3 c5 9. dxc5 dxc5 10. O-O c4 11.
Bxc4 Nxc4 12. Qxc4 Nc6 13. Bf4 Qa5 14. Nc3 Bf5 15.
Rfd1 Rac8 16. Qe2 Qb4 17. Nd5 Qxb2 18. Rdb1 Qxc2 19. Qxc2 Bxc2 20. Rxb7 Be4 21. Nxe7+ Nxe7 22. Rxe7 a5 23. Rd1 Rc2 24. Ng5 Bf5 25. g4 Bc8 26.
Rd2 Rc4 27. Be3 Bxe5 28. Rxe5 f6 29. Rc5 Rxc5 30. Bxc5 Re8 31. Ne4 Bb7 1-0

[Event "*** Titled Tuesday Blitz"]
[Site "Chess.com"]
[Date "2021.02.16"]
[Round "3"]
[White "Vuk2000"]
[Black "GiorgianBarbosa"]
[Result "1-0"]
[WhiteElo "2689"]
[BlackElo "2428"]
[TimeControl "180+1"]
[EndTime "10:30:01 PST"]
[Termination "Vuk2000 won on time"]

1. e4 c6 2. d4 d5 3. Nd2 dxe4 4. Nxe4 Nf6 5. Nxf6+ exf6 6. c3 Bd6 7. Bd3 O-O 8.
Qc2 Re8+ 9. Ne2 h5 10. Be3 Nd7 11. O-O-O Nf8 12. c4 Be6 13. Nc3 Rc8 14. h3 h4 15. Kb1 Ng6 16. d5 cxd5 17. cxd5 Bd7 18. Bxg6 fxg6 19. Qxg6 Rxe3 20. fxe3 Be5 21. Rc1 Qb6 22. Qd3 Qb4 23. Rc2 Bxc3 24. Rhc1 Bxb2 25. Rxc8+ Bxc8 26. Rxc8+ Kf7 27. Rc4 Qb6 28. Qb3 Qxb3 29. Rc7+ Kg6 30. axb3 Be5 31. Rxb7 1-0

[Event "*** Titled Tuesday Blitz"]
[Site "Chess.com"]
[Date "2021.02.16"]
[Round "3"]
[White "Lysiak_Poltorak"]
[Black "bascheyaro"]
[Result "0-1"]
[WhiteElo "2430"]
[BlackElo "2699"]
[TimeControl "180+1"]
[EndTime "10:30:02 PST"]
[Termination "bascheyaro won by resignation"]

1. d4 d5 2. c4 c6 3. Nc3 Nf6 4.
Nf3 g6 5. Bg5 Bg7 6. e3 O-O 7. Qc2 Bf5 8. Bd3 Bxd3 9. Qxd3 e6 10. O-O Nbd7 11. e4 dxe4 12. Nxe4 Qb6 13. Nxf6+ Nxf6 14. b3 h6 15. Bh4 c5 16. dxc5 Qxc5 17.
Rad1 a6 18. Qd2 g5 19. Bg3 Ne4 20. Qc2 Nxg3 21. hxg3 b5 22. Qe4 bxc4 23. bxc4 Rac8 24. Rc1 Rfd8 25. Rfd1 Rxd1+ 26. Rxd1 Qxc4 27. Rd8+ Bf8 28. Qxc4 Rxc4 29. Ne5 Rc1+ 30. Kh2 Kg7 31. Rd7 Kf6 32. Nxf7 Rc2 33. Nd8 Be7 34. Nb7 Rxa2 35. Nd6 Bxd6 36.
Rxd6 a5 37. Ra6 g4 38. Ra8 h5 39. Kg1 a4 40. Kf1 a3 41. Ra5 e5 42. Ra6+ Kf5 43. Ra4 Ke6 44. Ra5 Kd6 45. Ke1 e4 46.
Rxh5 Rb2 47. Ra5 a2 0-1

[Event "*** Titled Tuesday Blitz"]
[Site "Chess.com"]
[Date "2021.02.16"]
[Round "3"]
[White "KafkaesqueKnight"]
[Black "KetiGrant"]
[Result "0-1"]
[WhiteElo "2186"]
[BlackElo "2372"]
[TimeControl "180+1"]
[EndTime "10:30:06 PST"]
[Termination "KetiGrant won by resignation"]

1. d4 Nf6 2. c4 g6 3. Nc3 Bg7 4. e4 d6 5. Nge2 O-O 6. Ng3 c5 7. d5 e6 8. Be2 exd5 9. exd5 Re8 10.
O-O Nbd7 11. Bg5 h6 12. Be3 a6 13. Qd2 Kh7 14. h4 h5 15. Bg5 Qe7 16. Rae1 Qf8 17.
f4 Ng4 18. Bxg4 hxg4 19. Rxe8 Qxe8 20. Re1 Qh8 21. h5 Bd4+ 22. Kf1 Nf6 23. hxg6+ Kxg6 24. Nce2 Ne4 25. Qd3 Bf5 26. Nxd4 Nxg3+ 27. Qxg3 Qxd4 28. Qc3 Bd3+ 0-1

[Event "*** Titled Tuesday Blitz"]
[Site "Chess.com"]
[Date "2021.02.16"]
[Round "3"]
[White "sorch29"]
[Black "DanilNajdin"]
[Result "0-1"]
[WhiteElo "2153"]
[BlackElo "2481"]
[TimeControl "180+1"]
[EndTime "10:30:08 PST"]
[Termination "DanilNajdin won by resignation"]

1. Nf3 f5 2. d4 Nf6 3. c4 e6 4. Nc3 Bb4 5. Bd2 b6 6. g3 Bb7 7. Bg2 O-O 8. O-O d6 9. Rc1 Nbd7 10. d5 exd5 11. Nxd5 Nxd5 12. cxd5 Bxd2 13. Qxd2 Nc5 14. Rfd1 a5 15. Nd4 Qf6 16. Nb5 Rf7 17. Nc3 Re8 18. e3 Ba6 19. Bf1 Bxf1 20. Rxf1 g5 21. Ne2 h5 22. Nd4 h4 23. a3 a4 24. Rc4 Rh7 25. Ne2 Qh6 26. g4 Re4 27. Rxe4 Nxe4 28. Qd4 Re7 29.
gxf5 Qh5 30. Nc3 Qf3 31. Rd1 h3 32. Qxe4 Rxe4 33. Nxe4 0-1

[Event "*** Titled Tuesday Blitz"]
[Site "Chess.com"]
[Date "2021.02.16"]
[Round "3"]
[White "Lagmantr"]
[Black "adriangschnitzer"]
[Result "1-0"]
[WhiteElo "2717"]
[BlackElo "2487"]
[TimeControl "180+1"]
[EndTime "10:30:10 PST"]
[Termination "Lagmantr won by resignation"]

1. Nf3 c5 2. c4 Nf6 3. g3 d5 4. cxd5 Nxd5 5. Bg2 Nc6 6. Nc3 Nc7 7. O-O e5 8. d3 Be7 9. Be3 O-O 10. Rc1 Bd7 11. Nd2 f6 12. f4 exf4 13. Bxf4 Rc8 14. Qb3+ Be6 15. Qxb7 Nd5 16. Nxd5 Bxd5 17. Bxd5+ Qxd5 18. Qb3 Rfd8 19. Qxd5+ Rxd5 20. Kf2 Nd4 21. e4 Rd7 22. Be3 Ne6 23. Ke2 Rcd8 24. Rc3 Bd6 25. Nc4 Bc7 26. Rf5 Bb6 27. a4 Nd4+ 28. Bxd4 cxd4 29. Rb3 Bc7 30. Rb7 Bb8 31. Rxd7 Rxd7 32. Rb5 Rd8 33. Rb7 h5 34. a5 h4 35. Kf3 hxg3 36. hxg3 g6 37.
a6 Rf8 38. b4 f5 39. e5 Re8 40.
b5 Bxe5 41. Nxe5 Rxe5 42. b6 Re3+ 43. Kf4 Rxd3 44. bxa7 Rf3+ 1-0

[Event "*** Titled Tuesday Blitz"]
[Site "Chess.com"]
[Date "2021.02.16"]
[Round "3"]
[White "Superfelix"]
[Black "AlexeiShirov"]
[Result "0-1"]
[WhiteElo "2446"]
[BlackElo "2833"]
[TimeControl "180+1"]
[EndTime "10:30:10 PST"]
[Termination "AlexeiShirov won by resignation"]

1. e4 e5 2. Nf3 Nc6 3. d4 exd4 4. Nxd4 Qf6 5. Nb5 Bc5 6. Qf3 Qxf3 7. gxf3 Kd8 8. Be3 Bb4+ 9. c3 Be7 10. Rg1 g6 11. Nd2 Nf6 12. O-O-O d6 13. f4 Ng4 14. e5 Nxe3 15.
fxe3 a6 16. exd6 axb5 17. dxe7+ Kxe7 18. Bxb5 Rxa2 19. Kb1 Ra5 20. Bxc6 bxc6 21. e4 Be6 22. Kc2 Rb8 23. b4 Ra2+ 24. Kd3 Rd8+ 25. Ke3 Rc2 26. Nb1 Rxd1 27. Rxd1 Rxh2 28. Kd4 Rf2 29. Kc5 Rxf4 30. Kxc6 Rxe4 31. Kxc7 Rc4+ 32. Kb6 h5 33. Rd3 h4 34. Nd2 Rc8 35. Kb7 h3 36. Re3 h2 37. Re1 Rxc3 38. b5 Kd7 39. b6 Bd5+ 40. Kb8 h1=Q 0-1

[Event "*** Titled Tuesday Blitz"]
[Site "Chess.com"]
[Date "2021.02.16"]
[Round "3"]
[White "Vamostodorecto"]
[Black "Frolyanov_D"]
[Result "0-1"]
[WhiteElo "2421"]
[BlackElo "2649"]
[TimeControl "180+1"]
[EndTime "10:30:12 PST"]
[Termination "Frolyanov_D won by resignation"]

1. d4 d5 2. c4 e6 3. Nc3 c6 4. e4 dxe4 5. Nxe4 Bb4+ 6. Bd2 Qxd4 7. Bxb4 Qxe4+ 8. Be2 Na6 9. Bd6 e5 10. Nf3 Bg4 11.
c5 Bxf3 12. gxf3 Qb4+ 13. Kf1 Qh4 14. Bxa6 bxa6 15. Bxe5 Ne7 16. Bxg7 Qh3+ 17. Ke2 Qe6+ 18. Kf1 Rg8 19. Bc3 Rd8 20. Qe2 Qh3+ 21. Ke1 Rg6 22. f4 Re6 23. Be5 f6 24. Rg1 fxe5 25. Rg3 Qxh2 26.
Qg4 Qh1+ 27. Rg1 Qe4+ 28. Kf1 Qd3+ 29. Ke1 Qe4+ 30. Kf1 Qc4+ 31. Ke1 exf4+ 0-1

[Event "*** Titled Tuesday Blitz"]
[Site "Chess.com"]
[Date "2021.02.16"]
[Round "3"]
[White "josiwales"]
[Black "Parhamov"]
[Result "0-1"]
[WhiteElo "2634"]
[BlackElo "2910"]
[TimeControl "180+1"]
[EndTime "10:30:15 PST"]
[Termination "Parhamov won on time"]

1. e4 c5 2. Nc3 d6 3. g3 a6 4. Bg2 g6 5. d3 Bg7 6. Be3 b5 7. Qd2 Bb7 8. f4 Nc6 9. Nf3 Nd4 10. O-O e6 11. Rae1 Ne7 12. Nd1 O-O 13. c3 Nxf3+ 14.
Bxf3 f5 15. Nf2 Qd7 16. Nh3 Rae8 17. Qg2 c4 18. dxc4 bxc4 19. Ng5 Bc6 20. e5 Nd5 21. Bd4 h6 22. Nh3 Ne7 23. Rd1 Bxf3 24. Qxf3 d5 25. Bc5 Rb8 26. Rd2 Rfc8 27. Bxe7 Qxe7 28. Kg2 Qf7 29.
Ng1 Bf8 30. Ne2 Bc5 31. Rb1 Rb6 32. b4 cxb3 33. axb3 Rcb8 34. Nd4 a5 35. Ra2 Qc7 36. Qd3 Bxd4 37. cxd4 Rc6 38. Kh3 g5 39. Rba1 Rc3 40. Qa6 Rb6 41. Qa8+ Qb8 42. Rxa5 gxf4 43. Qxb8+ Rxb8 44. Rc5 Rbxb3 45. Ra8+ Kf7 0-1

[Event "*** Titled Tuesday Blitz"]
[Site "Chess.com"]
[Date "2021.02.16"]
[Round "3"]
[White "eldur16"]
[Black "andrewtnb"]
[Result "1-0"]
[WhiteElo "2519"]
[BlackElo "2301"]
[TimeControl "180+1"]
[EndTime "10:30:17 PST"]
[Termination "eldur16 won on time"]

1. Nf3 d5 2. g3 Bg4 3. Bg2 Nd7 4. O-O c6 5. d4 e6 6. Nbd2 Ngf6 7. Re1 Be7 8. c3 O-O 9. e4 dxe4 10. Nxe4 Nxe4 11. Rxe4 Nf6 12. Re1 h6 13. Qb3 Qb6 14. Ne5 Bf5 15. Be3 Nd5 16. Bd2 Rfd8 17. h3 Rac8 18. Nc4 Qc7 19.
a4 b5 20. Ne5 a6 21. axb5 axb5 22. Ra6 Qb7 23. Rea1 Ra8 24. Qa2 Rxa6 25. Qxa6 Qxa6 26. Rxa6 c5 27. g4 Bc2 28. Nc6 Rd7 29. Bxd5 exd5 30. Nxe7+ Rxe7 31. dxc5 Rc7 32. b4 Bb3 33. Bf4 Rc8 34. c6 Bc4 35. c7 Kf8 36. f3 Ke7 37. Kf2 Kd7 38. Rb6 Re8 39. Rb8 Rc8 40. Ke3 Bf1 41.
h4 Bh3 42. h5 Bg2 43. Be5 f6 44. Bf4 Bf1 45. Bg3 Bc4 46. f4 1-0

[Event "*** Titled Tuesday Blitz"]
[Site "Chess.com"]
[Date "2021.02.16"]
[Round "3"]
[White "Skat2704"]
[Black "Kaua18"]
[Result "1-0"]
[WhiteElo "2545"]
[BlackElo "2365"]
[TimeControl "180+1"]
[EndTime "10:30:18 PST"]
[Termination "Skat2704 won by resignation"]

1. d4 Nf6 2. c4 e6 3. Nf3 b6 4. g3 Bb7 5. Bg2 Bb4+ 6. Bd2 c5 7. O-O O-O 8. Nc3 cxd4 9. Nxd4 Bxg2 10. Kxg2 Qc8 11. b3 a6 12. Nd5 Qb7 13. Bxb4 exd5 14. Bxf8 dxc4+ 15. f3 Nd5 16. Qc1 Kxf8 17. bxc4 Ne7 18. e4 Nbc6 19. Rd1 Rc8 20. Nxc6 Qxc6 21. Qe3 Qxc4 22. Rdc1 Qb4 23. Rxc8+ Nxc8 24. Rd1 d6 25. Qg5 Qb2+ 26. Rd2 Qf6 27. Qxf6 gxf6 28. Rc2 Ne7 29. Rc7 Ke8 30. Ra7 a5 31. Rb7 f5 32.
Rxb6 fxe4 33. fxe4 d5 34. exd5 Nxd5 35. Rb5 Ne3+ 36. Kf3 Nc4 37. Rc5 Nd2+ 38. Ke2 Ne4 39. Re5+ 1-0

[Event "*** Titled Tuesday Blitz"]
[Site "Chess.com"]
[Date "2021.02.16"]
[Round "3"]
[White "Nastya_Rakhmangulova"]
[Black "Guzman70"]
[Result "1-0"]
[WhiteElo "2495"]
[BlackElo "2232"]
[TimeControl "180+1"]
[EndTime "10:30:18 PST"]
[Termination "Nastya_Rakhmangulova won by resignation"]

1. e4 g6 2. Nc3 Bg7 3. g3 c5 4.
Bg2 Nc6 5. Nge2 d6 6. O-O Rb8 7.
a4 a6 8. d3 b5 9. axb5 axb5 10. h3 b4 11. Nd5 e6 12. Ne3 Nge7 13. g4 O-O 14. Ng3 Nd4 15. f4 f5 16. exf5 gxf5 17. Nh5 Bb7 18. Nxg7 Kxg7 19. c3 Bxg2 20. Kxg2 bxc3 21. bxc3 Nb3 22. Ra7 Nxc1 23. Qxc1 Kh8 24. g5 Nc6 25. Ra6 Rb6 26. Qa1 Rxa6 27. Qxa6 Ne7 28.
Rb1 Ng6 29. Qa4 e5 30. Nd5 exf4 31. Nf6 Rxf6 32. gxf6 Qxf6 33. Qe8+ Kg7 34. Rb7+ Kh6 35. Qg8 Qg5+ 36. Kh1 Qg3 37. Rxh7+ Kg5 38. Qd8+ 1-0

[Event "*** Titled Tuesday Blitz"]
[Site "Chess.com"]
[Date "2021.02.16"]
[Round "3"]
[White "djano"]
[Black "Fiona"]
[Result "1-0"]
[WhiteElo "2478"]
[BlackElo "2132"]
[TimeControl "180+1"]
[EndTime "10:30:18 PST"]
[Termination "djano won on time"]

1. d4 d6 2. Bg5 Nd7 3. Nc3 Ngf6 4. e4 e5 5. Nge2 Be7 6. Qd2 c6 7. O-O-O Qa5 8. Kb1 Qb6 9. f4 O-O 10. g4 a5 11. h4 a4 12. Bxf6 Bxf6 13. g5 Bd8 14. Bh3 a3 15. b3 exd4 16. Nxd4 Nc5 17. Nf5 Bxf5 18. Bxf5 Be7 19. h5 Ne6 20. g6 Nc7 21. h6 fxg6 22. hxg7 Rf7 23. Rxh7 Rxg7 24. Rxg7+ Kxg7 25.
Qg2 Rh8 26. Qxg6+ Kf8 27. e5 d5 28. e6 1-0

[Event "*** Titled Tuesday Blitz"]
[Site "Chess.com"]
[Date "2021.02.16"]
[Round "3"]
[White "Rodchenkov_Vitalij"]
[Black "Manukyan_Artak"]
[Result "1/2-1/2"]
[WhiteElo "2577"]
[BlackElo "2390"]
[TimeControl "180+1"]
[EndTime "10:30:19 PST"]
[Termination "Game drawn by repetition"]

1. d4 Nf6 2. Nf3 g6 3. Bf4 Bg7 4. e3 O-O 5. Be2 b6 6. O-O d6 7.
h3 Bb7 8. a4 a5 9. Na3 h5 10. c4 Na6 11. Rc1 Ne4 12. Nd2 Nxd2 13. Qxd2 e5 14. Bh2 exd4 15. exd4 Kh7 16. Rfd1 Qf6 17.
Bf1 Bh6 18. f4 Rae8 19. Re1 Bc6 20. b3 Nb4 21. Nb5 Bxb5 22. cxb5 Rxe1 23. Rxe1 Nd5 24. Re4 Qd8 25. g3 Re8 26. Rxe8 Qxe8 27. Qe2 Qxe2 28. Bxe2 Bg7 29. Bc4 Bxd4+ 30. Kg2 Ne3+ 31. Kf3 Nxc4 32. bxc4 f5 33. g4 Kg7 34. Bg3 Kf7 35. Ke2 Ke6 36.
gxh5 gxh5 37. Kd3 Bf6 38. Be1 d5 39. Bf2 Kd6 40. Be1 c5 41. bxc6 Kxc6 42. Bf2 dxc4+ 43. Kxc4 Be7 44. Be3 Bc5 45. Bd2 Bd6 46. Be3 Bc5 47.
Bd2 Bf2 48. Bc1 Bc5 49. Bb2 Bd6 50. Bc1 Bc5 51. Bd2 1/2-1/2

[Event "*** Titled Tuesday Blitz"]
[Site "Chess.com"]
[Date "2021.02.16"]
[Round "3"]
[White "eightbyeightchess"]
[Black "lukas_111111"]
[Result "0-1"]
[WhiteElo "2380"]
[BlackElo "2587"]
[TimeControl "180+1"]
[EndTime "10:30:19 PST"]
[Termination "lukas_111111 won by resignation"]

1. e4 e5 2. Nf3 Nc6 3. Bb5 Nf6 4. d4 exd4 5. O-O Be7 6. Re1 d6 7. Nxd4 Bd7 8. Nc3 O-O 9. Bc4 Ne5 10. Bf1 c6 11. Bf4 Ng6 12. Bg3 Re8 13. Qd2 Nh5 14.
Rad1 Bg5 15. Qe2 Nhf4 16. Qc4 b5 17. Qb3 a5 18. a4 b4 19. Nce2 Rxe4 20. Nxf4 Rxe1 21.
Rxe1 Bxf4 22. Bxf4 Nxf4 23. Qf3 Qf6 24. Nxc6 Nh3+ 25.
Kh1 Nxf2+ 26. Kg1 Nh3+ 27. Kh1 Qxf3 28. gxf3 Bxc6 29. Bxh3 Bxa4 30. Re7 Bxc2 31. Rd7 a4 32.
Bf1 Bb3 0-1

[Event "*** Titled Tuesday Blitz"]
[Site "Chess.com"]
[Date "2021.02.16"]
[Round "3"]
[White "Dave_ChessMate"]
[Black "Cuajada_Zero"]
[Result "1-0"]
[WhiteElo "2438"]
[BlackElo "2249"]
[TimeControl "180+1"]
[EndTime "10:30:19 PST"]
[Termination "Dave_ChessMate won on time"]

1. e4 c6 2. c4 d5 3. cxd5 cxd5 4. exd5 Nf6 5. Qa4+ Nbd7 6. Bc4 g6 7. Nc3 Bg7 8. d3 O-O 9. Nf3 a6 10. O-O Qc7 11.
Qb4 Re8 12. Be3 b5 13. Bb3 Bb7 14. Rac1 Qd8 15. Qh4 Nb6 16. Bh6 Nbxd5 17. Ng5 Bh8 18. Nce4 e6 19. Nc5 Rb8 20. f4 a5 21. Rfe1 a4 22.
Bd1 Ba8 23. Bf3 Rc8 24. Nce4 Qb6+ 25. Kh1 Ne3 26. Rxc8 Rxc8 27. g4 Nc2 28. Rf1 Nd4 29. Bg2 Rc2 30. Nxf6+ Bxf6 31. Bxa8 Nc6 32. Bf8 Kxf8 33.
Nxh7+ Ke8 34. Nxf6+ Kd8 35. Nd5+ 1-0

[Event "*** Titled Tuesday Blitz"]
[Site "Chess.com"]
[Date "2021.02.16"]
[Round "3"]
[White "tylityli"]
[Black "ridnani2021"]
[Result "0-1"]
[WhiteElo "2221"]
[BlackElo "2401"]
[TimeControl "180+1"]
[EndTime "10:30:20 PST"]
[Termination "ridnani2021 won on time"]

1. d4 Nf6 2. c4 g6 3. Nc3 Bg7 4. e4 O-O 5. Nge2 d6 6. Ng3 c5 7. d5 Nbd7 8. Be2 h5 9. Bg5 a6 10. a4 Qc7 11. O-O e6 12. dxe6 fxe6 13. Qd2 Ne5 14. Rad1 Rd8 15. f4 Nc6 16. Qe3 Ng4 17. Bxg4 Bd4 18. Rxd4 cxd4 19. Bxd8 Qxd8 20. Qd3 dxc3 21.
Bf3 cxb2 22. Rb1 e5 23. f5 Qb6+ 24. Kh1 Qd4 25. Qxd4 Nxd4 26. fxg6 h4 27. Ne2 Nxf3 28. gxf3 Be6 29. Rxb2 Bxc4 30. Nc3 b5 31. Kg2 Kg7 32. Kh3 Kxg6 33. Kxh4 Rb8 34. axb5 axb5 35. Kg3 b4 36. Nd5 b3 37. f4 exf4+ 38. Kxf4 Rf8+ 39. Ke3 Rf1 40. Kd4 Rc1 41. Ne3 Be6 42. e5 dxe5+ 43.
Kxe5 Bf7 44. h4 Kh5 45. Nf5 Rc2 46. Rb1 b2 47. Ne3 Re2 48. Kd4 Ba2 0-1

[Event "*** Titled Tuesday Blitz"]
[Site "Chess.com"]
[Date "2021.02.16"]
[Round "3"]
[White "Ladislav1969"]
[Black "sergeikim"]
[Result "0-1"]
[WhiteElo "2312"]
[BlackElo "2526"]
[TimeControl "180+1"]
[EndTime "10:30:23 PST"]
[Termination "sergeikim won by resignation"]

1. e4 e5 2. Bc4 Nf6 3. d3 Bc5 4. Nf3 Nc6 5. c3 d6 6. a4 a6 7. O-O Ba7 8. Re1 O-O 9. Nbd2 Be6 10. Nf1 h6 11. Be3 Bxc4 12. dxc4 Bxe3 13. Rxe3 Ne7 14. Ng3 Ng6 15. Nf5 Nf4 16. g3 Ne6 17. N3h4 Kh7 18. Qf3 Ng5 19. Qe2 g6 20. f4 Nh3+ 21. Kg2 exf4 22. Kxh3 fxe3 23. Qxe3 gxf5 24. Nxf5 Ng8 25. Rf1 Qg5 26. Qd4 Rae8 27. Rf4 Re5 28. Rg4 Qh5+ 29. Rh4 Qe2 30. Rg4 Nf6 31. Rg7+ Kh8 32. Nxh6 Kxg7 0-1

[Event "*** Titled Tuesday Blitz"]
[Site "Chess.com"]
[Date "2021.02.16"]
[Round "3"]
[White "Buffy7"]
[Black "Oglob71"]
[Result "1-0"]
[WhiteElo "2636"]
[BlackElo "2393"]
[TimeControl "180+1"]
[EndTime "10:30:24 PST"]
[Termination "Buffy7 won by resignation"]

1. c4 Nf6 2. Nc3 c5 3. g3 e6 4. Nf3 b6 5. Bg2 Bb7 6. O-O d6 7. Re1 Nbd7 8. e4 Rc8 9. b3 a6 10. a4 Qc7 11. d4 cxd4 12. Nxd4 Be7 13. g4 h6 14. f4 g6 15. f5 e5 16. Nc2 gxf5 17.
gxf5 Nc5 18. Nb4 Ncxe4 19. Nxe4 Bxe4 20. Bxe4 Qc5+ 21. Be3 Qxb4 22. Bb7 Rd8 23. Bc6+ Kf8 24. Kh1 d5 25. Qc1 Ng4 26. Bxd5 Rxd5 27. cxd5 Qe4+ 28. Kg1 Nxe3 29. Rxe3 Bc5 30. Kf2 Rg8 31. Qxc5+ bxc5 32. Rxe4 f6 33. Rc1 Ke7 34. Rxc5 Rb8 35.
Rc7+ Kd6 36. Rc3 Kxd5 37. Rec4 e4 38. Ke3 Ke5 39. Rc5+ Kd6 40. Rc6+ Ke7 41. Re6+ 1-0